 Dungeon Crawl Stone Soup version 0.26-a0-542-gbaa144ba5c (webtiles) character file.

Game seed: 3274159235222208704

455 GeoCrane the Slicer (level 6, -9/52 HPs)
             Began as a Minotaur Berserker on Aug 17, 2020.
             Was a Priest of Trog.
             Mangled by Duvessa
             ... wielding a +2 short sword of speed
              (20 damage)
             ... on level 4 of the Dungeon.
             The game lasted 00:34:25 (4764 turns).

GeoCrane the Slicer (Minotaur Berserker)            Turns: 4764, Time: 00:34:26

Health: -9/52      AC:  2    Str: 22    XL:     6   Next: 76%
Magic:  5/5        EV: 12    Int:  4    God:    Trog [***...]
Gold:   194        SH:  0    Dex: 11    Spells: 5/5 levels left

rFire    . . .     SeeInvis .   a - +0 short sword
rCold    . . .     Faith    .   (no shield)
rNeg     . . .     Spirit   .   b - +0 animal skin
rPois    .         Reflect  .   (helmet restricted)
rElec    .         Harm     .   (no cloak)
rCorr    .                      (no gloves)
MR       .....                  (no boots)
Stlth    +.........             (no amulet)
HPRegen  0.17/turn              (no ring)
MPRegen  0.09/turn              (no ring)

@: no status effects
A: retaliatory headbutt, horns 2
a: Berserk, Trog's Hand, Renounce Religion


You were on level 4 of the Dungeon.
You worshipped Trog.
Trog was most pleased with you.
You visited 1 branch of the dungeon, and saw 5 of its levels.

You collected 194 gold pieces.

Inventory:

Hand Weapons
 a - a +0 short sword (weapon)
 y - a +3 dagger
Missiles
 u - 42 arrows
 w - 9 poisoned darts (quivered)
Armour
 b - a +0 animal skin (worn)
Jewellery
 l - a cursed -4 ring of evasion {unknown}
 v - an uncursed ring of protection from fire {unknown}
Scrolls
 c - 3 scrolls of fog {unknown}
 d - 2 scrolls of amnesia {unknown}
 e - 11 scrolls of identify {unknown}
 f - 2 scrolls of remove curse {unknown}
 o - a scroll of blinking {unknown}
 q - a scroll of teleportation {unknown}
 r - 2 scrolls of immolation {unknown}
 t - a scroll of enchant armour {unknown}
 x - 2 scrolls of noise {unknown}
Potions
 g - a potion of mutation {unknown}
 h - a potion of lignification {unknown}
 i - 2 potions of berserk rage {unknown}
 j - a potion of magic {unknown}
 k - 2 potions of curing {unknown}
 m - 2 potions of might {unknown}
 n - a potion of heal wounds {unknown}
 p - a potion of invisibility {unknown}
 s - a potion of cancellation {unknown}
 z - a potion of resistance


   Skills:
 - Level 3.8 Fighting
 + Level 8.2 Short Blades
 - Level 2.7 Armour
 - Level 2.4 Dodging


You had 5 spell levels left.
You didn't know any spells.
Your spell library was empty.

Dungeon Overview and Level Annotations

Branches:
Dungeon (5/15)
 Temple: D:4-7

Altars:
Kikubaaqudgha
Trog

Annotations:
D:4 Duvessa
D:5 2 transporters, 1 runed translucent door, Grinder; hemabe71's ghost, novice HuAr


Innate Abilities, Weirdness & Mutations

You reflexively headbutt those who attack you in melee.
You have a pair of horns on your head.


Message History

You throw a poisoned dart. The poisoned dart hits Duvessa.
Duvessa looks even sicker.
Duvessa is lightly wounded.
You hear a shout!
You throw a poisoned dart.
The poisoned dart closely misses Duvessa.
Duvessa rages.
Duvessa hits you with a +2 short sword of speed.
Duvessa hits you with a +2 short sword of speed! x2
* * * LOW HITPOINT WARNING * * *
You climb upwards.
There is a stone staircase leading down here.
Duvessa hits you with a +2 short sword of speed.
* * * LOW HITPOINT WARNING * * *
Duvessa hits you with a +2 short sword of speed.
* * * LOW HITPOINT WARNING * * *
Duvessa misses you. You furiously retaliate!
You headbutt Duvessa, but do no damage.
Duvessa hits you with a +2 short sword of speed!!
You die...

########## #........#
###..@e...>#
#..........#
############.####.#####
...........#.# #.#
......###....####.###
......# #..###......#
......# #..# #......#
......# #..# #......#
......###..# ########


You could see Duvessa (berserk, poisoned).

Vanquished Creatures
  Dowan (D:5)
  A scorpion (D:4)
  A howler monkey (D:4)
  An orc priest (D:3)
  2 orc wizards
  An iguana (D:5)
  A worker ant (D:5)
  A gnoll (D:5)
  6 adders
  An ufetubus (D:5)
  An ooze (D:1)
  5 worms
  4 dart slugs
  A leopard gecko (D:3)
  19 orcs
  8 bats
  A giant cockroach (D:3)
  5 goblins
  5 hobgoblins
  4 jackals (D:4)
  6 kobolds
  A quokka (D:4)
  A ball python (D:5)
  5 frilled lizards
  4 rats
86 creatures vanquished.

Notes
Turn   | Place    | Note
-------+----------+-------------------------------------------
     0 | D:1      | GeoCrane the Minotaur Berserker began the quest for the
                  | Orb.
     0 | D:1      | Reached XP level 1. HP: 19/19 MP: 0/0
   130 | D:1      | Reached XP level 2. HP: 24/27 MP: 1/1
   946 | D:2      | Reached skill level 4 in Short Blades
  1003 | D:2      | Reached XP level 3. HP: 33/33 MP: 2/2
  1023 | D:2      | Noticed a scorpion
  1363 | D:2      | Found a faded altar of an unknown god.
  1395 | D:2      | Reached ** piety under Trog
  1453 | D:2      | Reached skill level 5 in Short Blades
  1537 | D:2      | Reached XP level 4. HP: 40/40 MP: 3/3
  1678 | D:2      | Found an ancient bone altar of Kikubaaqudgha.
  1814 | D:3      | Found a bloodstained altar of Trog.
  2425 | D:3      | Reached skill level 6 in Short Blades
  2425 | D:3      | Reached XP level 5. HP: 39/46 MP: 4/4
  3519 | D:4      | Reached skill level 7 in Short Blades
  3675 | D:4      | Reached XP level 6. HP: 43/52 MP: 5/5
  4227 | D:5      | Entered Level 5 of the Dungeon
  4244 | D:5      | Found a transporter.
  4260 | D:5      | Noticed Dowan
  4271 | D:5      | Killed Dowan
  4271 | D:5      | Reached skill level 8 in Short Blades
  4405 | D:5      | Noticed an ice beast
  4406 | D:5      | Found a transporter.
  4406 | D:5      | Noticed an ice beast
  4416 | D:5      | Found a runed translucent door.
  4417 | D:5      | Noticed hemabe71's ghost (novice HuAr)
  4680 | D:5      | Noticed Grinder
  4752 | D:5      | Noticed Duvessa
  4753 | D:5      | Reached *** piety under Trog
  4764 | D:4      | Mangled by Duvessa

Illustrated notes

Levels and vault maps discovered:
D:1:      dpeg_arrival_arbitrary_c, layout_loops_corners, chequers_garden
D:2:      layout_loops_ring, lemuel_coloured_pillars_altar,
          chequers_ecumenical_altar_simple_redux
D:3:      layout_loops_cross, nicolae_overflow_crystal_walls
D:4:      layout_rooms
D:5:      gammafunk_cloud_chamber, layout_gridville,
          minmay_temple_entry_junction, gammafunk_ghost_grave, uniq_grinder,
          uniq_duvessa

Skill      XL: |  1  2  3  4  5  6 |
---------------+-------------------+-----
Short Blades   | 4 5 6 7 8 |  8.2
Fighting       | |  3.8
Armour         | |  2.7
Dodging        | |  2.4

Action                   |  1- 3 |  4- 6 || total
-------------------------+-------+-------++-------
Melee: Short sword       |    58 |   179 ||   237
       Headbutt          |    11 |    33 ||    44
Throw: Dart              |       |    19 ||    19
 Stab: Sleeping          |       |     1 ||     1
Armor: Animal skin       |    10 |    12 ||    22
Dodge: Dodged            |    43 |   100 ||   143

Table legend: (Time is in decaauts)
 A = Elapsed time spent in this place.
 B = Non-inter-level travel time spent in this place.
 C = Inter-level travel time spent in this place.
 D = Time resting spent in this place.
 E = Time spent auto-exploring this place.
 F = Levels seen in this place.
 G = Mean time per level.
                   A        B        C        D        E       F      G
               +--------+--------+--------+--------+--------+-----+--------+
         Total |   4724 |   4492 |    232 |    545 |   3217 |   5 |  944.8 |
       Dungeon |   4724 |   4492 |    232 |    545 |   3217 |   5 |  944.8 |
               +--------+--------+--------+--------+--------+-----+--------+

Top non-repeatable levels by time:
     D:1: 1195 daAuts
     D:2: 1174 daAuts
     D:3: 1073 daAuts
     D:4: 855 daAuts
     D:5: 426 daAuts
